 Dungeon Crawl Stone Soup version 0.30-a0-782-ge64f9170bb (webtiles) character file.

Game seed: 8091240617434088469

448196 Mgcat the Impregnable (level 23, 0/221 HPs)
             Began as an Armataur Fighter on Feb 22, 2023.
             Was the Champion of Okawaru.
             Succumbed to a tengu reaver's bolt of poison
             ... on level 5 of the Vaults on Mar 10, 2023.
             The game lasted 02:03:01 (59957 turns).

Mgcat the Impregnable (Armataur Fighter)           Turns: 59957, Time: 02:03:02

Health: 0/221      AC: 51    Str: 43    XL:     23   Next: 14%
Magic:  27/32      EV: 12    Int:  7    God:    Okawaru [******]
Gold:   3050       SH: 21    Dex: 10    Spells: 22/22 levels left

rFire   + + +      SeeInvis .    S - +11 war axe "Suask" {venom, rPois rF+ Str+4}
rCold   + + +      Faith    .    O - +5 kite shield {rN+}
rNeg    + + +      Spirit   .    P - +13 plate armour "Boirreosh" {rC- rCorr Slay+3}
rPois   +          Reflect  .    e - -2 hat of the Alchemist {rElec rPois rF+ rC+ rN+ Will+ rMut rCorr}
rElec   +          Harm     .    U - +2 cloak {Will+}
rCorr   +          Roll     +    y - +1 pair of gloves
rMut    +                        s - +4 barding "Xayq" {rPois Will+}
Will    ++...                    b - amulet "Xoakhlaim" {RegenMP rF+ rC+ Will+ Dex-3} Stlth
                                 Z - ring of Gifoph {rPois rC+ rN+ Str+3}
HPRegen 0.56/turn                Y - ring "Kaemutwu" {rPois rC+ EV+5 Dex+3}
MPRegen 0.63/turn

@: lethally poisoned (0 -> -7), weak-willed, heroic, studying 2 skills
A: large, rugged brown scales 3, deformed body, armoured tail, roll, long
tongue, awkward tongue, hooves 1, strong 1
}: 2/15 runes: serpentine, barnacled
a: Renounce Religion, Heroism, Finesse, Duel


You were on level 5 of the Vaults.
You worshipped Okawaru.
Okawaru was exalted by your worship.
You visited 8 branches of the dungeon, and saw 40 of its levels.
You visited the Abyss 2 times.
You visited 2 bazaars.
You also visited: Ice Cave, Volcano and Wizlab.

You collected 9367 gold pieces.
You spent 6317 gold pieces at shops.

Inventory:

Hand Weapons
 i - a +4 broad axe of freezing
   (You took it off an orc knight on level 2 of the Orcish Mines)
 H - the +6 broad axe "Aciepp" {antimagic, SInv}
   (Okawaru gifted it to you on level 3 of the Depths)

   SInv:      It lets you see invisible.
 S - the +11 war axe "Suask" (weapon) {venom, rPois rF+ Str+4}
   (Okawaru gifted it to you on level 1 of the Snake Pit)

   Str:       It affects your strength (+4).
   rF:        It protects you from fire.
   rPois:     It protects you from poison.
Armour
 e - the -2 hat of the Alchemist (worn) {rElec rPois rF+ rC+ rN+ Will+ rMut rCorr}
   (You found it on level 4 of the Vaults)

   rF:        It protects you from fire.
   rC:        It protects you from cold.
   rElec:     It insulates you from electricity.
   rPois:     It protects you from poison.
   rN:        It protects you from negative energy.
   rCorr:     It protects you from acid and corrosion.
   rMut:      It protects you from mutation.
   Will:      It increases your willpower.
 s - the +4 barding "Xayq" (worn) {rPois Will+}
   (Okawaru gifted it to you on level 2 of the Orcish Mines)

   rPois:     It protects you from poison.
   Will:      It increases your willpower.
 y - a +1 pair of gloves (worn)
   (You found it on level 2 of the Lair of Beasts)
 E - +0 gold dragon scales
   (You found it on level 3 of the Depths)
 O - a +5 kite shield of positive energy (worn)
   (You took it off a tengu warrior on level 14 of the Dungeon)
 P - the +13 plate armour "Boirreosh" (worn) {rC- rCorr Slay+3}
   (You found it on level 2 of the Depths)

   Slay:      It affects your accuracy & damage with ranged weapons and melee
   (+3).
   rC:        It makes you vulnerable to cold.
   rCorr:     It protects you from acid and corrosion.
 U - a +2 cloak of willpower (worn)
   (Okawaru gifted it to you on level 1 of the Shoals)
Magical Staves
 J - a staff of conjuration {!a}
   (You found it on level 3 of the Depths)
Jewellery
 b - the amulet "Xoakhlaim" (around neck) {RegenMP rF+ rC+ Will+ Dex-3}
   (You found it on level 3 of the Vaults)

   [amulet of magic regeneration]

   It increases your rate of magic regeneration.
   Dex:       It affects your dexterity (-3).
   rF:        It protects you from fire.
   rC:        It protects you from cold.
   Will:      It increases your willpower.
 Y - the ring "Kaemutwu" (right hand) {rPois rC+ EV+5 Dex+3}
   (You found it on level 2 of the Depths)

   [ring of evasion]

   EV:        It affects your evasion (+5).
   Dex:       It affects your dexterity (+3).
   rC:        It protects you from cold.
   rPois:     It protects you from poison.
 Z - the ring of Gifoph (left hand) {rPois rC+ rN+ Str+3}
   (You found it in a wizard's laboratory)

   [ring of positive energy]

   Str:       It affects your strength (+3).
   rC:        It protects you from cold.
   rPois:     It protects you from poison.
   rN:        It protects you from negative energy.
Wands
 j - a wand of iceblast (17)
   (You found it on level 11 of the Dungeon)
 r - a wand of light (3)
   (You found it on level 3 of the Dungeon)
 u - a wand of digging (4)
   (You found it on level 4 of the Vaults)
 v - a wand of mindburst (11)
   (You bought it in a shop on level 2 of the Depths)
Scrolls
 c - 11 scrolls of blinking {!r}
 f - 4 scrolls of silence
 h - 7 scrolls of fear
 k - 5 scrolls of immolation {!r}
 l - 5 scrolls of poison {!r}
 p - a scroll of amnesia
 t - 2 scrolls of torment {!r}
 x - 8 scrolls of magic mapping {!r}
 M - 10 scrolls of fog
 N - 21 scrolls of identify
 T - 7 scrolls of teleportation
Potions
 a - 6 potions of might
 d - 4 potions of heal wounds
 g - 10 potions of haste
 m - 11 potions of magic
 n - 4 potions of resistance
 q - 25 potions of curing
 z - 10 potions of cancellation
 A - 5 potions of ambrosia
 C - 5 potions of attraction {!q}
 D - 4 potions of berserk rage {!q}
 F - 8 potions of flight
 G - 7 potions of lignification {!q}
 I - 5 potions of brilliance
 K - 2 potions of invisibility
 Q - 8 potions of mutation {!q}
Miscellaneous
 B - a phial of floods
   (You found it on level 3 of the Depths)
 W - a condenser vane
   (You found it on level 4 of the Snake Pit)


   Skills:
 + Level 17.7(22.7) Fighting
 * Level 22.2(27) Axes
 + Level 25.4(27) Armour
 + Level 20.6(25.6) Shields
 - Level 12.0 Invocations


You had 22 spell levels left.
You didn't know any spells.
Your spell library contained the following spells:

 Spells                   Type           Power      Damage    Failure   Level
 Apportation              Tloc           0%         N/A       69%         1
 Magic Dart               Conj           0%         1d3       69%         1
 Sting                    Tmut/Pois      0%         1d3       69%         1
 Blink                    Tloc           0%         N/A       83%         2
 Cigotuvi's Dreadful Rot  Necr/Pois/Air  0%         N/A       83%         2
 Ensorcelled Hibernation  Hex/Ice        0%         N/A       83%         2
 Passwall                 Tmut/Erth      0%         N/A       83%         2
 Poisonous Vapours        Pois/Air       0%         N/A       83%         2
 Sublimation of Blood     Necr           0%         N/A       83%         2
 Dazzling Flash           Conj/Hex       0%         N/A       96%         3
 Hailstorm                Conj/Ice       0%         3d3       96%         3
 Ignite Poison            Fire/Tmut/Pois 0%         N/A       96%         3
 Kindle Blastsparks       Fire/Tloc/Air  0%         2d10      96%         3
 Mephitic Cloud           Conj/Pois/Air  0%         N/A       96%         3
 Ozocubu's Armour         Ice            0%         N/A       96%         3
 Portal Projectile        Hex/Tloc       0%         N/A       96%         3
 Swiftness                Air            0%         N/A       96%         3
 Dispel Undead            Necr           0%         3d6       100%        4
 Flame Wave               Conj/Fire      0%         2d4       100%        4
 Fulminant Prism          Conj/Hex       0%         3d5       100%        4
 Ice Form                 Ice/Tmut       0%         N/A       100%        4
 Iskenderun's Mystic Bla  Conj/Tloc      0%         2d3       100%        4
 Leda's Liquefaction      Hex/Erth       0%         N/A       100%        4
 Manifold Assault         Tloc           0%         N/A       100%        4
 Olgreb's Toxic Radiance  Pois           0%         N/A       100%        4
 Passage of Golubria      Tloc           0%         N/A       100%        4
 Petrify                  Tmut/Erth      0%         N/A       100%        4
 Alistair's Intoxication  Tmut/Pois      0%         N/A       100%        5
 Borgnjor's Vile Clutch   Necr/Erth      0%         N/A       100%        5
 Freezing Cloud           Conj/Ice/Air   0%         6-21      100%        5
 Irradiate                Conj/Tmut      0%         3d11      100%        5
 Metabolic Englaciation   Hex/Ice        0%         N/A       100%        5
 Silence                  Hex/Air        0%         N/A       100%        5
 Eringya's Noxious Bog    Tmut/Pois      0%         N/A       100%        6
 Starburst                Conj/Fire      0%         6d3       100%        6
 Ozocubu's Refrigeration  Ice            0%         4d7       100%        7
 Storm Form               Tmut/Air       0%         N/A       100%        7
 Lehudib's Crystal Spear  Conj/Erth      0%         10d2      100%        8
 Chain Lightning          Conj/Air       0%         N/A       100%        9
 Fire Storm               Conj/Fire      0%         5d1       100%        9
 Shatter                  Erth           0%         3d5*      100%        9
 Call Imp                 Summ           Unusable   N/A       N/A         2
 Call Canine Familiar     Summ           Unusable   N/A       N/A         3
 Animate Dead             Necr           Unusable   N/A       N/A         4
 Summon Forest            Summ/Tloc      Unusable   N/A       N/A         5
 Death Channel            Necr           Unusable   N/A       N/A         6
 Simulacrum               Ice/Necr       Unusable   N/A       N/A         6
 Summon Hydra             Summ           Unusable   N/A       N/A         7

Dungeon Overview and Level Annotations

Branches:
Dungeon (15/15)            Temple (1/1) D:5            Lair (5/5) D:8
 Shoals (4/4) Lair:2        Snake (4/4) Lair:3        Slime (0/5) Lair:4
    Orc (2/2) D:9             Elf (0/3) Orc:2        Vaults (5/5) D:14
  Crypt (0/3) Vaults:2     Depths (4/4) D:15            Zot (0/5) Depths:4
  IceCv (visited)         Volcano (visited)          WizLab (visited)

Altars:
Ashenzari
Cheibriados
Dithmenos
Elyvilon
Fedhas
Gozag
Hepliaklqana
Kikubaaqudgha
Nemelex Xobeh
Okawaru
Qazlal
Ru
Sif Muna
Trog
Vehumet
Xom
Yredelemnul
The Shining One
Jiyva

Shops:
D:5 =*   Orc:2 [:*(   Shoals:4 (   Snake:1 (   Vaults:4 [*   Depths:2 *[***
Depths:3 =!(

Portals:
Hell: Depths:1 Depths:2 Depths:3 Depths:4
Abyss: Depths:2 Depths:3
Pandemonium: Depths:1 Depths:2 Depths:3
Ziggurat: Depths:3

Annotations:
D:4 2 runed translucent doors, nidavellir's ghost, amateur MiBe
D:7 1 runed translucent door, Crazy Yiuf
D:8 3 runed translucent doors, DEFE's ghost, novice DsWn; gabibbone's ghost, novice OpAE; kae's ghost, novice GrEE
Orc:1 2 transporters, hackum's ghost, journeyman TrFi


Innate Abilities, Weirdness & Mutations

You are completely covered in rugged brown scales. (AC +3, +7% HP)
Armour fits poorly on your strangely shaped body.
You have a long armoured tail.
You roll when moving toward enemies. (Rampage)
Your long tongue fully drains potion bottles. (2x potion effects)
Your tongue gives you trouble enunciating. (1.5x scroll delay)
You have large cloven feet.
Your muscles are strong. (Str +4, Int/Dex -1)


Message History

Unknown command.
Lua error: [string "/dgldir/rcfiles/crawl-git/Mgcat.rc"]:941: invalid capture index Unknown command.
Lua error: [string "/dgldir/rcfiles/crawl-git/Mgcat.rc"]:941: invalid capture index Unknown command.
Lua error: [string "/dgldir/rcfiles/crawl-git/Mgcat.rc"]:941: invalid capture index Unknown command.
PANIC x8: tengu reaver, titan (very poisoned), phantasmal warrior, storm dragon (poisoned), tormentor (summoned), deep elf demonologist, Hell Sentinel (summoned)!
You slice the Hell Sentinel!! You kick the Hell Sentinel.
The Hell Sentinel is moderately wounded.
You closely miss something.
You hit the Hell Sentinel but do no damage.
You slice the phantasmal warrior!! You hit something.
You feel very sick.
The tormentor calls on the powers of darkness!
The shadow dragon convulses!
Your body is wracked with pain!
* * * LOW HITPOINT WARNING * * *
The deep elf demonologist convulses!
The tengu reaver convulses!
Something is bathed in an unholy light!
The storm dragon convulses!
The titan convulses!
You block the Hell Sentinel's attack.
The Hell Sentinel hits you but does no damage. x2
You block the Hell Sentinel's attack.
The tengu reaver points at you and mumbles some strange words.
The bolt of cold hits something.
The bolt of cold hits you. You resist.
* * * LOW HITPOINT WARNING * * *
You hear a horrible gurgling sound!
Unknown command.
You take 20 damage, and have 29/221 hp.
PANIC x8: tengu reaver, titan (very poisoned), phantasmal warrior, storm dragon (poisoned), tormentor (summoned), deep elf demonologist, Hell Sentinel (summoned)!
Unknown command.
Lua error: [string "/dgldir/rcfiles/crawl-git/Mgcat.rc"]:941: invalid capture index Unknown command.
Lua error: [string "/dgldir/rcfiles/crawl-git/Mgcat.rc"]:941: invalid capture index Unknown command.
Lua error: [string "/dgldir/rcfiles/crawl-git/Mgcat.rc"]:941: invalid capture index You hit the Hell Sentinel.
You kick the Hell Sentinel.
You tail-slap the Hell Sentinel, but do no damage.
The Hell Sentinel is moderately wounded.
You hit the phantasmal warrior. You slash something!
You closely miss something. You slash the Hell Sentinel!
You feel sick. You block something's attack. Something barely misses you.
Something stings you but does no damage.
The deep elf demonologist gestures wildly while chanting.
The phantasmal warrior hits you!!
* * * LOW HITPOINT WARNING * * *
The titan is engulfed in poison gas.
The titan looks as sick as possible!
You kill the titan!
Okawaru accepts your kill.
Something touches you but does no damage.
A cyan very ugly thing comes into view.
The Hell Sentinel closely misses you. You block the Hell Sentinel's attack.
The Hell Sentinel barely misses you.
The Hell Sentinel hits you but does no damage.
Unknown command.
You take 22 damage, and have 7/221 hp.
PANIC x8: tengu reaver, ynoxinul (summoned), phantasmal warrior, storm dragon (poisoned), tormentor (summoned), deep elf demonologist, Hell Sentinel (summoned)!
Unknown command.
Lua error: [string "/dgldir/rcfiles/crawl-git/Mgcat.rc"]:941: invalid capture index Unknown command.
Lua error: [string "/dgldir/rcfiles/crawl-git/Mgcat.rc"]:941: invalid capture index You slurp down every last drop of the 5 potions of heal wounds!
You feel much better.
You feel very sick.
The tormentor calls on the powers of darkness!
The shadow dragon convulses!
Your body is wracked with pain!
* * * LOW HITPOINT WARNING * * *
The deep elf demonologist convulses!
The tengu reaver convulses!
Something is bathed in an unholy light!
The cyan very ugly thing convulses!
The storm dragon convulses!
Something hits you!
* * * LOW HITPOINT WARNING * * *
Something hits you but does no damage.
Something stings you but does no damage.
The storm dragon breathes lightning at you.
The bolt of lightning hits something!!
Reactivating autopickup.
You feel a bit more experienced. The bolt of lightning hits you! You resist.
* * * LOW HITPOINT WARNING * * *
The bolt of lightning hits the Hell Sentinel.
The Hell Sentinel completely resists.
The cyan very ugly thing is engulfed in poison gas.
The cyan very ugly thing is poisoned.
The phantasmal warrior hits you.
* * * LOW HITPOINT WARNING * * *
Your willpower is stripped away!
Something touches you but does no damage.
Deactivating autopickup; reactivate with Ctrl-A.
You block the Hell Sentinel's attack.
The Hell Sentinel hits you but does no damage. x2
You block the Hell Sentinel's attack.
The tengu reaver gestures at you while chanting.
The bolt of fire hits the Hell Sentinel.
The Hell Sentinel completely resists.
The bolt of fire hits you but does no damage.
You hear a shout! x4
You take 4 damage, and have 3/221 hp.
PANIC x8: tengu reaver, storm dragon (poisoned, catching breath), ynoxinul (summoned), phantasmal warrior, tormentor (summoned), deep elf demonologist, Hell Sentinel (summoned)!
Really read
c - 12 scrolls of blinking {!r}?
Blink to where?
Press: ? - help, Dir - move target As you slowly read the scroll of blinking {!r}, it crumbles to dust.
You die...

########################
........................
........................
##..@.....########### ☼##
##.§§§......#####
§§§§3#####○§§#....#......##
§u§e§2{§1§☼§##....##..##..#
§§3.§D)1W§☼###....##.####.#
☼§§☼D4Q§.§##
#....##.####.## ○.§.§§§.§§#
#....##..##...####
§###§§§§○§§
#....###.......##.
##§☼§§§☼§ #....#
####.......


You could see 2 Hell Sentinels and a phantasmal warrior.

Vanquished Creatures
  A dread lich (Depths:2)
  Mara (Vaults:3)
  Mennas (Depths:4)
  Boris (twice) (Vaults:3 Depths:3)
  Margery (Vaults:2)
  Vashnia (Arena)
  2 golden dragons
  3 caustic shrikes (Depths:4)
  A tentacled monstrosity (Vaults:5)
  Rupert (Lair:3)
  A moon troll (WizLab)
  A lich (Depths:3)
  A walking crystal tome (Depths:4)
  2 titans (Vaults:5)
  7 sphinxes
  A quicksilver dragon (WizLab)
  Polyphemus (Shoals:2)
  10 tentacled starspawn
  Kirke (D:15)
  4 tengu reavers
  2 storm dragons
  5 shadow dragons
  Donald (Vaults:1)
  Ilsuiw (Shoals:3)
  9 frost giants
  8 nagarajas (Snake:4)
  5 fire giants
  Aizul (Snake:2)
  An iron dragon (Depths:3)
  4 deep elf sorcerers
  2 draconian shifters (Depths:2)
  Louise (Shoals:4)
  2 cacodemons
  13 ironbound preservers
  An orc warlord (Orc:2)
  18 vault wardens
  4 draconian annihilators
  A curse skull (Depths:2)
  33 very ugly things
  A draconian stormcaller (Depths:4)
  2 spriggan defenders (Depths:2)
  The ghost of gabibbone the Spry, a journeyman TeFi of Wu Jian (D:15)
  A ghoul (Vaults:2)
  4 war gargoyles
  8 ironbound thunderhulks
  13 stone giants
  A vampire knight (Depths:2)
  3 deep elf annihilators
  A green draconian (Depths:4)
  7 spark wasps
  The ghost of Lutah the Thaumaturge, a journeyman DgEE (Lair:4)
  A deep elf demonologist (Depths:2)
  2 purple draconians (Depths:4)
  A red draconian (Depths:4)
  2 white draconians (Depths:4)
  8 dire elephants
  The ghost of rigao the Fighter, a journeyman GrCK of Trog (Lair:4)
  A deep elf death mage (Vaults:5)
  4 merfolk impalers
  4 crystal guardians
  10 ettins
  7 yaktaur captains
  9 great orbs of eyes
  5 merfolk javelineers
  4 deep elf high priests
  7 fire dragons
  7 hydras
  2 peacekeepers
  A hell beast (Depths:2)
  4 anacondas
  5 spriggan air magi
  A caustic shrike simulacrum (Depths:2)
  2 ogre magi (Depths:2)
  Erolcha (D:10)
  2 catoblepae
  5 ice dragons
  An alligator snapping turtle (Shoals:4)
  7 ironbound frosthearts
  A catoblepas (shapeshifter) (Depths:3)
  17 centaur warriors
  32 vault guards
  8 two-headed ogres
  The ghost of Wuzine the Thaumaturge, a journeyman GrFE of Vehumet (Lair:4)
  A death knight (D:15)
  A merfolk avatar (Shoals:3)
  4 salamander tyrants
  6 boulder beetles
  2 dancing weapons (Depths:3)
  5 merfolk aquamancers
  4 deep troll shamans
  13 naga warriors
  3 deep troll earth magi
  13 tengu warriors
  An alligator (shapeshifter) (Vaults:5)
  4 death yaks
  An orc high priest (Orc:2)
  5 shock serpents
  6 spriggan berserkers
  14 naga sharpshooters
  6 soul eaters (Depths:2)
  Sonja (Lair:4)
  Amaemon (D:8)
  16 hell knights
  Nergalle (D:10)
  6 salamander mystics
  2 sixfirhies
  5 skeletal warriors
  2 wretched stars (WizLab)
  4 iron trolls
  3 skysharks
  11 glowing orange brains
  3 wizards
  A flayed ghost (Vaults:2)
  A tengu zombie (Vaults:2)
  5 naga ritualists
  12 sea snakes
  40 deep trolls
  A phantasmal warrior (Vaults:3)
  A shadow dragon zombie (Vaults:1)
  10 deep elf pyromancers
  A kraken simulacrum (Shoals:4)
  2 orange crystal statues
  2 wolf spider zombies (D:14)
  A spriggan simulacrum (Depths:2)
  2 lindwurms (Vaults:1)
  13 ironbound convokers
  2 deep elf archers (Vaults:5)
  5 orc knights
  Pikel (D:6)
  An anaconda skeleton (Volcano)
  7 deep elf zephyrmancers
  10 necromancers
  37 ugly things
  45 harpies
  A wolf spider (shapeshifter) (Depths:4)
  5 mana vipers
  5 orc sorcerers
  3 fauns (Shoals:1)
  A shining eye (Depths:3)
  3 human zombies
  14 cyclopes
  14 manticores
  15 salamanders
  5 merfolk sirens
  A human skeleton (Vaults:1)
  A fire giant skeleton (Vaults:2)
  A guardian serpent (Snake:3)
  10 vault sentinels
  A stone giant skeleton (Vaults:2)
  18 black mambas
  A water nymph (shapeshifter) (Vaults:5)
  9 elephants (Lair:5)
  A guardian serpent (shapeshifter) (Vaults:1)
  2 orange demons
  A rust devil (Depths:2)
  3 centaur zombies (D:14)
  4 water nymphs
  13 cane toads
  9 eyes of devastation
  19 naga magi
  13 gargoyles
  A yaktaur zombie (Vaults:2)
  4 unseen horrors
  35 yaktaurs
  A tengu conjurer (Depths:2)
  2 freezing wraiths (IceCv)
  13 komodo dragons
  3 ancient zymes (Abyss:1)
  A golden dragon simulacrum (IceCv)
  3 ice devils
  A tormentor (Abyss:1)
  10 rime drakes
  A meliai (D:15)
  A silent spectre (Depths:2)
  25 merfolk
  7 polar bears
  11 hornets
  An elf skeleton (Vaults:2)
  A hellwing (Depths:2)
  6 trolls
  A queen bee (D:15)
  6 wind drakes
  Grinder (D:3)
  4 dream sheep (Shoals:3)
  An ettin zombie (Vaults:1)
  17 blink frogs
  A harpy skeleton (Volcano)
  3 raiju (Abyss:1)
  A meliai zombie (D:14)
  8 snapping turtles
  4 flying skulls
  A fire giant simulacrum (Vaults:2)
  A frost giant simulacrum (Depths:2)
  4 shadows
  3 air elementals (Depths:3)
  40 slime creatures
  16 spriggans
  A human (Depths:2)
  2 dire elephant simulacra (IceCv)
  42 yaks
  19 water elementals
  An ettin skeleton (Vaults:2)
  4 wraiths
  2 ynoxinuls
  8 small abominations
  5 hogs (D:15)
  3 alligator skeletons (Volcano)
  2 alligator snapping turtle simulacra (Shoals:4)
  A wyvern (Lair:1)
  A steam dragon (D:7)
  8 basilisks
  11 large abominations
  3 neqoxecs (WizLab)
  3 sea snake simulacra (Shoals:4)
  3 golden eyes
  4 chaos spawn
  2 death yak simulacra (Shoals:4)
  A yaktaur simulacrum (Vaults:1)
  6 vampire mosquitoes (D:12)
  2 harpy simulacra (Shoals:4)
  60 nagas
  9 wargs
  3 acid dragons
  3 hell hounds (Depths:3)
  10 water moccasins
  A hydra simulacrum (IceCv)
  A floating eye (Depths:3)
  An ice beast (D:6)
  20 orc warriors
  2 satyr simulacra (Shoals:4)
  2 alligator simulacra (IceCv)
  6 black bears
  22 wolves
  An ettin simulacrum (IceCv)
  4 boggarts (Lair:5)
  10 centaurs
  6 ogres
  2 lemures (D:6)
  4 kobold brigands
  A phantom (D:6)
  13 bullfrogs
  2 faun simulacra (Shoals:4)
  A merfolk simulacrum (Shoals:4)
  2 earth elementals (Depths:3)
  A scorpion (D:8)
  4 wights (D:8)
  18 killer bees
  2 snapping turtle simulacra (Shoals:4)
  A human simulacrum (Vaults:3)
  A lindwurm simulacrum (IceCv)
  2 manticore simulacra (Shoals:4)
  A troll skeleton (Volcano)
  A spriggan skeleton (Volcano)
  A howler monkey (D:4)
  8 electric eels
  2 crimson imps (Abyss:1)
  2 hounds
  2 gnoll boudas
  2 cyclops simulacra (Shoals:4)
  14 orc priests
  12 starcursed masses
  2 jellies
  Natasha (D:2)
  4 iguanas
  17 orc wizards
  A centaur simulacrum (Shoals:4)
  4 naga skeletons (Volcano)
  6 adders
  8 gnolls
  A river rat (Lair:1)
  2 shadow imps
  9 white imps
  A worm (D:2)
  3 dart slugs
  52 orcs
  5 endoplasms
  3 giant cockroaches
  12 goblins
  4 hobgoblins
  9 jackals
  22 kobolds
  5 quokkas
  5 ball pythons
  2 bats
  2 frilled lizards (D:2)
  4 rats
  11 starspawn tentacles
  A tentacle (Shoals:4)
1707 creatures vanquished.

Vanquished Creatures (others)
  A ghost moth (shapeshifter) (Vaults:5)
  A wizard (Depths:3)
  A harpy (Shoals:4)
  A manticore (Shoals:4)
  2 demonic plants (WizLab)
  42 fungi
  125 plants
  15 starspawn tentacles
  9 withered plants
197 creatures vanquished.

Grand Total: 1904 creatures vanquished

Notes
Turn   | Place    | Note
-------+----------+-------------------------------------------
     0 | D:1      | Mgcat the Armataur Fighter began the quest for the Orb.
     0 | D:1      | Reached XP level 1. HP: 19/19 MP: 1/1
   282 | D:1      | Reached XP level 2. HP: 26/26 MP: 2/2
   547 | D:1      | Reached skill level 2 in Axes
   861 | D:2      | Found a shadowy altar of Dithmenos.
   934 | D:2      | Reached skill level 4 in Armour
   934 | D:2      | Reached XP level 3. HP: 30/32 MP: 3/3
   948 | D:2      | Reached skill level 3 in Fighting
   953 | D:2      | Identified the +3 dagger "Qaos" {drain, rElec}
   994 | D:2      | You fall into a shaft and drop 1 floor!
  1198 | D:2      | Noticed Natasha
  1207 | D:2      | Killed Natasha
  1208 | D:2      | Reached XP level 4. HP: 35/40 MP: 4/4
  1548 | D:3      | Found a faded altar of an unknown god.
  1892 | D:3      | Noticed Grinder
  1900 | D:3      | Paralysed by Grinder for 4 turns
  1910 | D:3      | Killed Grinder
  1911 | D:3      | Reached skill level 3 in Axes
  1911 | D:3      | Reached skill level 4 in Shields
  1911 | D:3      | Reached XP level 5. HP: 20/49 MP: 5/5
  1911 | D:3      | Reached XP level 6. HP: 23/55 MP: 6/6
  2220 | D:4      | Found a snail-covered altar of Cheibriados.
  2220 | D:4      | Found a radiant altar of Vehumet.
  2220 | D:4      | Found a blossoming altar of Fedhas.
  2220 | D:4      | Found a hazy altar of Hepliaklqana.
  2220 | D:4      | Found a broken altar of Ashenzari.
  2220 | D:4      | Found a glowing golden altar of the Shining One.
  2264 | D:4      | Reached skill level 5 in Armour
  2430 | D:4      | Found a shadowy altar of Dithmenos.
  2530 | D:4      | Reached skill level 4 in Fighting
  2596 | D:4      | Reached skill level 4 in Axes
  2770 | D:4      | Found a runed translucent door.
  2775 | D:4      | Noticed nidavellir's ghost (amateur MiBe)
  2831 | D:4      | Reached XP level 7. HP: 59/63 MP: 7/7
  2897 | D:4      | Found a runed translucent door.
  3080 | D:5      | Entered Level 5 of the Dungeon
  3092 | D:5      | Found Suocoe Soax's Jewellery Emporium.
  3182 | D:5      | Reached skill level 5 in Shields
  3233 | D:5      | Identified the +1 flail of Fihoyqau {speed, rN+ Str+2}
  3495 | D:5      | Found a staircase to the Ecumenical Temple.
  3512 | Temple   | Entered the Ecumenical Temple
  3524 | Temple   | Became a worshipper of Warmaster Okawaru
  4159 | D:5      | Found Ziyh Jiqi's Assorted Antiques.
  4167 | D:5      | Bought a scroll labelled LYIFFAITHO for 15 gold pieces
  4167 | D:5      | Bought a scroll labelled UBUIQOSMEBB for 15 gold pieces
  4184 | D:5      | Reached skill level 5 in Axes
  4184 | D:5      | Reached skill level 6 in Armour
  4374 | D:6      | Reached XP level 8. HP: 32/71 MP: 8/8
  4512 | D:6      | Reached * piety under Okawaru
  4735 | D:6      | Reached skill level 5 in Fighting
  4971 | D:6      | Reached skill level 6 in Shields
  5362 | D:7      | Noticed a two-headed ogre
  5375 | D:7      | Killed a two-headed ogre
  5375 | D:7      | Reached ** piety under Okawaru
  5376 | D:7      | Reached skill level 6 in Axes
  5376 | D:7      | Reached skill level 7 in Armour
  5376 | D:7      | Reached XP level 9. HP: 43/79 MP: 9/9
  5726 | D:7      | Found a runed translucent door.
  5727 | D:7      | Noticed Crazy Yiuf
  6206 | D:6      | Noticed Pikel
  6217 | D:6      | Killed Pikel
  6217 | D:6      | Reached *** piety under Okawaru
  6218 | D:6      | Reached skill level 6 in Fighting
  6218 | D:6      | Reached skill level 7 in Axes
  6218 | D:6      | Reached skill level 7 in Shields
  6260 | D:6      | Reached skill level 8 in Armour
  6685 | D:8      | Noticed Amaemon
  6685 | D:8      | Noticed an orange demon
  7096 | D:8      | Noticed a komodo dragon
  7159 | D:8      | Found a runed translucent gate.
  7159 | D:8      | Found a runed translucent gate.
  7160 | D:8      | Found a runed translucent gate.
  7243 | D:8      | Reached XP level 10. HP: 74/89 MP: 10/10
  7247 | D:8      | Reached **** piety under Okawaru
  7294 | D:8      | Reached skill level 8 in Axes
  7303 | D:8      | Reached skill level 8 in Shields
  7622 | D:9      | Found a staircase to the Orcish Mines.
  7671 | D:9      | Reached skill level 9 in Armour
  7684 | D:9      | Reached skill level 7 in Fighting
  7700 | D:9      | Reached ***** piety under Okawaru
  7970 | D:9      | Found an ancient bone altar of Kikubaaqudgha.
  8388 | D:9      | Reached skill level 9 in Axes
  8553 | D:9      | Found a basalt altar of Yredelemnul.
  8721 | D:9      | Identified the +3 great sword of the Skies Above {heavy,
                  | Will- Dex+4 Stlth+} (Okawaru gifted it to you on level 9 of
                  | the Dungeon)
  8721 | D:9      | Received a gift from Okawaru
  9087 | D:10     | Entered Level 10 of the Dungeon
  9094 | D:10     | Noticed Nergalle
  9096 | D:10     | Noticed a spectral orc warlord
  9355 | D:8      | Noticed a two-headed ogre
  9360 | D:8      | Killed a two-headed ogre
  9361 | D:8      | Reached skill level 9 in Shields
  9396 | D:8      | Reached XP level 11. HP: 98/98 MP: 11/11
  9447 | D:8      | Killed Amaemon
  9448 | D:8      | Reached skill level 10 in Armour
  9532 | D:8      | Found an opulent altar of Gozag.
  9826 | D:8      | Found a staircase to the Lair.
  9977 | D:8      | Noticed DEFE's ghost (novice DsWn)
  9977 | D:8      | Noticed gabibbone's ghost (novice OpAE)
  9977 | D:8      | Noticed kae's ghost (novice GrEE)
 10046 | Lair:1   | Entered Level 1 of the Lair of Beasts
 10334 | Lair:1   | Reached skill level 8 in Fighting
 10462 | Lair:1   | Reached skill level 10 in Axes
 10462 | Lair:1   | Identified a scroll of acquirement
 10462 | Lair:1   | Acquired 527 gold pieces
 10594 | D:5      | Bought the amulet of Ceam Ere {Acrobat rC+ Dex+5} for 763
                  | gold pieces
 11942 | Lair:1   | Received a gift from Okawaru
 12270 | Lair:2   | Reached skill level 10 in Shields
 12590 | D:10     | Noticed Erolcha
 12599 | Abyss:1  | Cast into level 1 of the Abyss (Erolcha)
 12783 | Abyss:1  | Noticed a starcursed mass
 12786 | D:10     | Escaped the Abyss
 12843 | D:10     | Killed Erolcha
 12844 | D:10     | Reached skill level 11 in Armour
 13095 | D:10     | Noticed a two-headed ogre
 13103 | D:10     | Killed a two-headed ogre
 13104 | D:10     | Reached XP level 12. HP: 67/110 MP: 9/12
 13114 | D:10     | Killed Nergalle
 13114 | D:10     | Received a gift from Okawaru
 13345 | D:10     | Noticed a two-headed ogre
 13358 | D:10     | Killed a two-headed ogre
 13958 | D:11     | Noticed a boulder beetle
 13989 | D:11     | Killed a boulder beetle
 13990 | D:11     | Reached skill level 11 in Axes
 14125 | D:11     | Noticed a two-headed ogre
 14139 | D:11     | Killed a two-headed ogre
 14144 | D:11     | Reached skill level 9 in Fighting
 14797 | Lair:2   | Found a staircase to the Shoals.
 14968 | Lair:2   | You fall into a shaft and drop 2 floors!
 14982 | Lair:4   | Reached skill level 11 in Shields
 15084 | Lair:4   | Noticed an eight-headed hydra
 15095 | Lair:4   | Killed a three-headed hydra
 15096 | Lair:4   | Reached skill level 12 in Armour
 15176 | Lair:4   | Received a gift from Okawaru
 15480 | Lair:4   | Reached skill level 12 in Axes
 15482 | Lair:4   | HP: 21/113 [yak (11)]
 15968 | Lair:4   | Reached XP level 13. HP: 105/119 MP: 13/13
 16117 | Lair:3   | Found a staircase to the Snake Pit.
 16660 | Lair:3   | Identified the +0 barding of Duck's Teeth {MP+9 Str+4
                  | Stlth+} (Okawaru gifted it to you on level 3 of the Lair of
                  | Beasts)
 16660 | Lair:3   | Received a gift from Okawaru
 17350 | Lair:3   | Noticed Rupert
 17356 | Lair:3   | HP: 28/120 [Rupert/+1 great mace of protection (16)]
 17744 | Lair:3   | Reached skill level 10 in Fighting
 17825 | Lair:3   | Killed Rupert
 18125 | Lair:4   | Gained mutation: You have a pair of small horns on your
                  | head. [potion of mutation]
 18125 | Lair:4   | Gained mutation: You are resistant to electric shocks.
                  | (rElec) [potion of mutation]
 18125 | Lair:4   | Gained mutation: You occasionally lose the ability to read
                  | scrolls when taking damage. [potion of mutation]
 18125 | Lair:4   | Gained mutation: You are agile. (Dex +4, Str/Int -1)
                  | [potion of mutation]
 18141 | Lair:4   | Noticed Sonja
 18145 | Abyss:1  | Cast into level 1 of the Abyss (Sonja)
 18214 | Abyss:1  | Lost mutation: You are agile. (Dex +4, Str/Int -1) [a
                  | neqoxec]
 18217 | Abyss:1  | Noticed a red very ugly thing
 18217 | Abyss:1  | Noticed a starcursed mass
 18361 | Abyss:1  | Found a corrupted altar of Lugonu.
 18541 | Abyss:1  | Noticed a tentacled starspawn
 18552 | Abyss:1  | Killed a tentacled starspawn
 18553 | Abyss:1  | Reached skill level 13 in Armour
 18553 | Abyss:1  | Reached skill level 12 in Shields
 18553 | Abyss:1  | Reached skill level 1 in Invocations
 18590 | Abyss:1  | Noticed a starcursed mass
 18833 | Abyss:1  | Reached skill level 2 in Invocations
 18843 | Abyss:1  | Noticed a tentacled starspawn
 18845 | Abyss:1  | Found a corrupted altar of Lugonu.
 18845 | Abyss:1  | Noticed a tentacled starspawn
 18859 | Abyss:1  | Killed a tentacled starspawn
 18863 | Abyss:1  | Noticed a starcursed mass
 18886 | Abyss:1  | Killed a tentacled starspawn
 18896 | Lair:4   | Escaped the Abyss
 18923 | Lair:4   | Killed Sonja
 19176 | Lair:4   | Found a runed translucent gate.
 19177 | Lair:4   | Found a runed translucent gate.
 19177 | Lair:4   | Found a runed translucent gate.
 19191 | Lair:4   | Noticed rigao's ghost (journeyman GrCK)
 19191 | Lair:4   | Noticed Lutah's ghost (journeyman DgEE)
 19191 | Lair:4   | Noticed Wuzine's ghost (journeyman GrFE)
 19252 | Lair:4   | Reached skill level 13 in Axes
 19313 | Lair:4   | Found a viscous altar of Jiyva.
 19313 | Lair:4   | Found a staircase to the Slime Pits.
 19808 | Lair:4   | Killed rigao's ghost
 19808 | Lair:4   | Received a gift from Okawaru
 19825 | Lair:4   | Killed Lutah's ghost
 19826 | Lair:4   | Reached skill level 3 in Invocations
 19827 | Lair:4   | Killed Wuzine's ghost
 20023 | Lair:4   | Identified the ring "Afo Jep" {rCorr Slay+2}
 20027 | Lair:4   | Identified the ring of Koret {Ice Drain rCorr Str+2}
 20060 | Lair:5   | Entered Level 5 of the Lair of Beasts
 20107 | Lair:5   | Reached XP level 14. HP: 95/130 MP: 16/16
 20260 | Lair:5   | Found a dark tunnel.
 20266 | Volcano  | Entered a volcano
 20695 | Volcano  | Reached skill level 4 in Invocations
 21324 | Lair:5   | Reached skill level 14 in Armour
 21504 | Lair:5   | Reached skill level 11 in Fighting
 21551 | Lair:5   | Received a gift from Okawaru
 21692 | Lair:5   | Reached skill level 13 in Shields
 21720 | Lair:5   | Acquired 792 gold pieces
 21791 | Lair:5   | Reached skill level 5 in Invocations
 22705 | D:12     | Reached skill level 14 in Axes
 23286 | Orc:1    | Entered Level 1 of the Orcish Mines
 23554 | Orc:1    | Found a transporter.
 23555 | Orc:1    | Noticed hackum's ghost (journeyman TrFi)
 23555 | Orc:1    | Identified the +10 great mace of the Old World {venom,
                  | *Noise rElec rN+++ Str-2}
 23560 | Orc:1    | Found a transporter.
 23698 | Orc:2    | Entered Level 2 of the Orcish Mines
 24160 | Orc:2    | Reached XP level 15. HP: 128/139 MP: 19/19
 24395 | Orc:2    | Identified the +4 barding "Xayq" {rPois Will+} (Okawaru
                  | gifted it to you on level 2 of the Orcish Mines)
 24395 | Orc:2    | Received a gift from Okawaru
 24408 | Orc:2    | HP: 25/139 [orc knight/+0 long sword (19)]
 24410 | Orc:2    | Reached skill level 6 in Invocations
 25031 | Orc:2    | Found a staircase to the Elven Halls.
 25041 | Orc:2    | Found Miriysea's General Store.
 25057 | Orc:2    | Found Ciusielo's Antique Weapon Shop.
 25080 | Orc:2    | Found Aschoe's Book Shop.
 25095 | Orc:2    | Found Bemmywker's Antique Armour Shop.
 25102 | Orc:2    | Bought a glowing cloak for 240 gold pieces
 25119 | Orc:2    | Bought a manual of Armour for 1360 gold pieces
 26389 | D:14     | Reached skill level 15 in Armour
 27171 | D:14     | Received a gift from Okawaru
 27172 | D:14     | Reached skill level 7 in Invocations
 27402 | D:14     | Reached skill level 14 in Shields
 27415 | D:14     | Found a gate to the Vaults.
 27543 | D:14     | Reached skill level 15 in Axes
 27547 | D:14     | Reached skill level 12 in Fighting
 27619 | D:14     | Lost mutation: You have a pair of small horns on your head.
                  | [potion of mutation]
 27619 | D:14     | Lost mutation: You occasionally lose the ability to read
                  | scrolls when taking damage. [potion of mutation]
 27619 | D:14     | Lost mutation: You are resistant to electric shocks.
                  | (rElec) [potion of mutation]
 27619 | D:14     | Gained mutation: You have hidden genetic potential. [potion
                  | of mutation]
 27619 | D:14     | Gained mutation: Your muscles are strong. (Str +4, Int/Dex
                  | -1) [potion of mutation]
 27619 | D:14     | Gained mutation: Your mind is acute. (Int +4, Str/Dex -1)
                  | [potion of mutation]
 27619 | D:14     | Gained mutation: You are frail. (-10% HP) [potion of
                  | mutation]
 27619 | D:14     | Gained mutation: You are partially covered in iridescent
                  | scales. (AC +2) [potion of mutation]
 27619 | D:14     | Gained mutation: Your flesh is cold resistant. (rC+)
                  | [potion of mutation]
 27717 | D:15     | Entered Level 15 of the Dungeon
 27809 | D:15     | Noticed Kirke
 27816 | D:15     | Killed Kirke
 27817 | D:15     | Reached skill level 16 in Armour
 27867 | D:15     | Found a frozen archway.
 27878 | IceCv    | Entered an ice cave
 27949 | IceCv    | Found a transporter.
 27960 | IceCv    | Found a transporter.
 27985 | IceCv    | Received a gift from Okawaru
 27988 | IceCv    | Identified the amulet of the Quahog {Spirit rF+ MP-9 Dex+3}
 28287 | D:15     | Noticed gabibbone's ghost (journeyman TeFi)
 28288 | D:15     | Found a transporter.
 28290 | D:15     | Found a transporter.
 28502 | D:15     | Reached XP level 16. HP: 102/134 MP: 21/21
 28863 | D:15     | Found a staircase to the Depths.
 29251 | Snake:1  | Entered Level 1 of the Snake Pit
 29312 | Snake:1  | Found a bloodstained altar of Trog.
 29435 | Snake:1  | Found Qofikk's Firing Range.
 30096 | Snake:1  | Reached skill level 8 in Invocations
 30185 | Snake:1  | Identified the +11 war axe "Suask" {venom, rPois rF+ Str+4}
                  | (Okawaru gifted it to you on level 1 of the Snake Pit)
 30185 | Snake:1  | Received a gift from Okawaru
 30948 | Snake:2  | Noticed Aizul
 30963 | Snake:2  | Killed Aizul
 31121 | Snake:2  | Reached skill level 17 in Armour
 32422 | Snake:3  | Gained mutation: Your tail ends in a venomous barb. [hidden
                  | potential]
 32747 | Snake:3  | Reached ****** piety under Okawaru
 32805 | Snake:3  | Reached skill level 16 in Axes
 33094 | Snake:4  | Entered Level 4 of the Snake Pit
 33110 | Snake:4  | Identified the +2 barding of Baldness {Will++} (Okawaru
                  | gifted it to you on level 4 of the Snake Pit)
 33110 | Snake:4  | Received a gift from Okawaru
 33483 | Snake:4  | Reached skill level 15 in Shields
 33563 | Snake:4  | Reached skill level 9 in Invocations
 33841 | Snake:4  | Noticed Vashnia
 33858 | Arena    | Entered the Arena
 33872 | Arena    | Killed Vashnia
 33873 | Arena    | Reached skill level 18 in Armour
 33927 | Snake:4  | Reached XP level 17. HP: 90/143 MP: 21/23
 34369 | Snake:4  | Reached skill level 13 in Fighting
 35790 | Snake:4  | Got a serpentine rune of Zot
 35971 | Shoals:1 | Entered Level 1 of the Shoals
 36087 | Shoals:1 | Received a gift from Okawaru
 36218 | Shoals:1 | Gained mutation: You are agile. (Dex +4, Str/Int -1)
                  | [hidden potential]
 36218 | Shoals:1 | Lost mutation: You have hidden genetic potential. [hidden
                  | potential expressed]
 36316 | Shoals:1 | Reached skill level 19 in Armour
 36475 | Shoals:1 | Reached skill level 10 in Invocations
 36905 | Shoals:2 | Noticed Polyphemus
 36927 | Shoals:2 | Killed Polyphemus
 36928 | Shoals:2 | Reached skill level 17 in Axes
 37136 | Shoals:2 | Identified the +0 pair of gloves of the Ditch-Digger {Harm
                  | rPois Str-4 Int-4 Dex+4}
 37932 | Shoals:3 | Reached skill level 16 in Shields
 37932 | Shoals:3 | Noticed Ilsuiw
 37978 | Shoals:3 | Killed Ilsuiw
 37979 | Shoals:3 | Reached XP level 18. HP: 87/154 MP: 25/25
 38534 | Shoals:4 | Entered Level 4 of the Shoals
 38557 | Shoals:4 | Identified the +2 barding "Daqaug" {*Corrode rPois rF+}
                  | (Okawaru gifted it to you on level 4 of the Shoals)
 38557 | Shoals:4 | Received a gift from Okawaru
 38866 | Shoals:4 | Found Xufris's Weapon Boutique.
 38867 | Shoals:4 | Noticed Louise
 38884 | Shoals:4 | Found a runed translucent gate.
 38884 | Shoals:4 | Found a runed translucent gate.
 38884 | Shoals:4 | Found a runed translucent gate.
 38893 | Shoals:4 | Killed Louise
 38922 | Shoals:4 | Reached skill level 20 in Armour
 39339 | Shoals:4 | HP: 23/154 [merfolk aquamancer/shard of ice (34)]
 39350 | Shoals:4 | HP: 36/154 [wind drake/the air (4)]
 39363 | Shoals:4 | Reached skill level 14 in Fighting
 39548 | Shoals:4 | Got a barnacled rune of Zot
 39981 | Shoals:4 | Reached skill level 11 in Invocations
 40409 | Orc:2    | Bought a potion of cancellation for 96 gold pieces
 40409 | Orc:2    | Bought a potion of haste for 120 gold pieces
 40660 | D:5      | Bought a potion of curing for 45 gold pieces
 40895 | Vaults:1 | Entered Level 1 of the Vaults
 40953 | Vaults:1 | Noticed Donald
 40961 | Vaults:1 | Killed Donald
 40985 | Vaults:1 | Found a magical portal.
 40996 | WizLab   | Entered Lehudib's Moon Base
 41112 | WizLab   | Found a transporter.
 41445 | WizLab   | Reached skill level 18 in Axes
 41472 | WizLab   | Received a gift from Okawaru
 41877 | WizLab   | Reached XP level 19. HP: 162/162 MP: 27/27
 42071 | WizLab   | Found a transporter.
 42316 | WizLab   | Acquired 550 gold pieces
 42454 | WizLab   | Identified the ring of Gifoph {rPois rC+ rN+ Str+3}
 42488 | WizLab   | Got Lehudib's Commentary on Energetic Terra Firma
 42659 | Vaults:1 | Reached skill level 17 in Shields
 42906 | Vaults:1 | Identified the +1 kite shield of Intercession {Int+3}
                  | (Okawaru gifted it to you on level 1 of the Vaults)
 42906 | Vaults:1 | Received a gift from Okawaru
 43580 | Vaults:1 | Reached skill level 12 in Invocations
 44342 | Vaults:2 | Reached skill level 21 in Armour
 44685 | Vaults:2 | Noticed Margery
 44707 | Vaults:2 | Killed Margery
 44707 | Vaults:2 | Identified the +6 ring mail of the Goldsmith {Regen+}
                  | (Okawaru gifted it to you on level 2 of the Vaults)
 44707 | Vaults:2 | Received a gift from Okawaru
 44823 | Vaults:2 | Reached skill level 15 in Fighting
 45262 | Vaults:2 | Reached skill level 19 in Axes
 45384 | Vaults:2 | Found a staircase to the Crypt.
 45857 | Vaults:2 | Reached XP level 20. HP: 172/172 MP: 29/29
 46449 | Vaults:2 | Identified the +10 war axe of Wuetil {freeze, Fragile rC+
                  | rN+}
 46723 | Vaults:3 | Identified the amulet "Xoakhlaim" {RegenMP rF+ rC+ Will+
                  | Dex-3}
 47099 | Vaults:3 | Reached skill level 18 in Shields
 47103 | Vaults:3 | Received a gift from Okawaru
 47117 | Vaults:3 | Noticed Boris
 47135 | Vaults:3 | Killed Boris
 47609 | Vaults:3 | Noticed Mara
 47624 | Vaults:3 | Killed Mara
 47624 | Vaults:3 | Received a gift from Okawaru
 48833 | Vaults:4 | Found Gozag's Antique Armour Shop.
 48840 | Vaults:4 | Reached skill level 22 in Armour
 48852 | Vaults:4 | Found Gozag's Antique Armour Boutique.
 48853 | Vaults:4 | Found an opulent altar of Gozag.
 48861 | Vaults:4 | Received a gift from Okawaru
 48881 | Vaults:4 | Found Gozag's Assorted Antiques.
 49015 | Vaults:4 | HP: 42/174 [poisoned by a vault warden]
 49020 | Vaults:4 | HP: 40/174 [poisoned by a vault warden]
 49461 | Vaults:4 | Found the -2 hat of the Alchemist {rElec rPois rF+ rC+ rN+
                  | Will+ rMut rCorr}
 49518 | Vaults:4 | Reached skill level 20 in Axes
 50152 | Vaults:4 | Reached skill level 16 in Fighting
 50153 | Vaults:4 | Reached XP level 21. HP: 128/182 MP: 30/30
 50636 | Depths:1 | Entered Level 1 of the Depths
 50684 | Depths:1 | Found a gateway to a bazaar.
 50694 | Bazaar   | Entered a bazaar
 50697 | Bazaar   | Found Qaaskusi's Weapon Shoppe.
 50705 | Bazaar   | Found Ysal Sop's Antique Weapon Shoppe.
 50708 | Bazaar   | Found Pialoulu's Assorted Antiques.
 50739 | Bazaar   | Found Xeocwimp's Magic Scroll Shoppe.
 50746 | Bazaar   | Found Jysusch's Book Shop.
 50762 | Bazaar   | Bought a scroll of enchant armour for 97 gold pieces
 50762 | Bazaar   | Bought a scroll of blinking for 97 gold pieces
 50790 | Bazaar   | Bought a potion of heal wounds for 90 gold pieces
 50790 | Bazaar   | Bought a potion of cancellation for 144 gold pieces
 50965 | Depths:1 | Found a one-way gate leading to the halls of Pandemonium.
 51949 | Depths:1 | Found a gateway to Hell.
 52075 | Depths:2 | Identified the +0 chain mail of Untruth {Rampage Fly}
                  | (Okawaru gifted it to you on level 2 of the Depths)
 52075 | Depths:2 | Received a gift from Okawaru
 52085 | Depths:2 | Reached skill level 19 in Shields
 52229 | Depths:2 | Found a one-way gate to the infinite horrors of the Abyss.
 52347 | Depths:2 | Found Cacuss's Assorted Antiques.
 52355 | Depths:2 | Bought a potion of haste for 340 gold pieces
 52355 | Depths:2 | Bought a silver wand for 136 gold pieces
 52677 | Depths:2 | Found Acwytoakh's General Store.
 52679 | Depths:2 | Found Rolluo's General Store.
 52679 | Depths:2 | Found Ofum's General Store.
 52684 | Depths:2 | Bought a potion of mutation for 160 gold pieces
 52684 | Depths:2 | Found Yruplyro's Antique Armour Boutique.
 52687 | Depths:2 | Bought a manual of Armour for 1040 gold pieces
 52768 | Depths:2 | Identified the +13 plate armour "Boirreosh" {rC- rCorr
                  | Slay+3}
 52983 | Depths:2 | Found a runed door.
 53663 | Depths:2 | Noticed a dread lich
 53674 | Depths:2 | Killed a dread lich
 53687 | Depths:2 | Identified the ring "Kaemutwu" {rPois rC+ EV+5 Dex+3}
 53714 | Depths:2 | Acquired 628 gold pieces
 53729 | Depths:2 | Identified the ring of Zofun {rPois Dex+4}
 53731 | Depths:2 | Identified the ring of Equivalence {Ice Str+2 Int+2 Stlth-}
 53994 | Depths:3 | Reached skill level 23 in Armour
 54050 | Depths:3 | Found Yzuhafis's Distillery.
 54056 | Depths:3 | Bought 2 potions of mutation for 176 gold pieces
 54056 | Depths:3 | Bought a potion of mutation for 88 gold pieces
 54056 | Depths:3 | Bought a potion of haste for 110 gold pieces
 54056 | Depths:3 | Bought 2 potions of haste for 220 gold pieces
 54153 | Depths:3 | Found a flickering gateway to a bazaar.
 54162 | Bazaar   | Entered a bazaar
 54231 | Bazaar   | Found Wury's Book Emporium.
 54231 | Bazaar   | Found Lacwin's Magic Scroll Shoppe.
 54242 | Bazaar   | Bought a scroll of enchant weapon for 135 gold pieces
 54242 | Bazaar   | Bought a scroll of enchant armour for 135 gold pieces
 54266 | Bazaar   | Found Upnatat's Assorted Antiques.
 54282 | Bazaar   | Found Habied's Antique Weapon Emporium.
 54282 | Bazaar   | Found Ycijilox's General Store.
 54293 | Bazaar   | Bought a potion of haste for 90 gold pieces
 54293 | Bazaar   | Bought a potion of resistance for 90 gold pieces
 54293 | Bazaar   | Bought a scroll of enchant armour for 67 gold pieces
 54336 | Bazaar   | Bought a potion of cancellation for 184 gold pieces
 54336 | Bazaar   | Bought a scroll of magic mapping for 172 gold pieces
 54336 | Bazaar   | Bought a potion of might for 92 gold pieces
 54405 | Depths:3 | Noticed a golden dragon
 54621 | Depths:3 | Found Vekhlaj's Weapon Emporium.
 54627 | Depths:3 | Identified the +7 broad axe "Ize Xetym" {flame, rN+ Dex+2}
 54724 | Depths:3 | Reached skill level 21 in Axes
 55123 | Depths:3 | Found a one-way gateway to a ziggurat.
 55125 | Depths:3 | Paralysed by a floating eye for 3 turns
 55129 | Depths:3 | Paralysed by a floating eye for 2 turns
 55134 | Depths:3 | Paralysed by a floating eye for 4 turns
 55143 | Depths:3 | Gained mutation: You do not regenerate when monsters are
                  | visible. [a shining eye]
 55158 | Depths:3 | Found Vedabuul's Jewellery Emporium.
 55430 | Depths:3 | Reached XP level 22. HP: 192/192 MP: 31/31
 55721 | Depths:3 | Killed a golden dragon
 55815 | Depths:3 | Paralysed by an air elemental for 1 turns
 55895 | Depths:3 | Found the +2 cloak of the Thief {*Fog Slay-2 SInv Stlth+}
 55910 | Depths:3 | Identified the +6 broad axe "Aciepp" {antimagic, SInv}
                  | (Okawaru gifted it to you on level 3 of the Depths)
 55910 | Depths:3 | Received a gift from Okawaru
 55956 | Depths:3 | Noticed Boris
 55970 | Depths:3 | Killed Boris
 56062 | Depths:4 | Entered Level 4 of the Depths
 56216 | Depths:4 | Noticed Mennas
 56240 | Depths:4 | Killed Mennas
 56241 | Depths:4 | Reached skill level 17 in Fighting
 56241 | Depths:4 | Reached skill level 24 in Armour
 56558 | Depths:4 | Identified the +2 helmet of the Monkey's Uncle {Harm rC+
                  | rCorr Dex-5} (Okawaru gifted it to you on level 4 of the
                  | Depths)
 56558 | Depths:4 | Received a gift from Okawaru
 56738 | Depths:4 | Reached skill level 20 in Shields
 56908 | Depths:4 | Found a gate to the Realm of Zot.
 56908 | Depths:4 | Noticed a golden dragon
 56921 | Depths:4 | Killed a golden dragon
 57509 | Depths:4 | Noticed a caustic shrike
 57509 | Depths:4 | Noticed a caustic shrike
 57509 | Depths:4 | Noticed a caustic shrike
 57521 | Depths:4 | Killed a caustic shrike
 57527 | Depths:4 | Killed a caustic shrike
 57531 | Depths:4 | Killed a caustic shrike
 58580 | D:15     | Killed gabibbone's ghost
 58590 | D:15     | Identified the ring "Ocrui" {Fly Dex+2}
 58592 | D:15     | Identified the +4 whip "Tidgh" {distort, MP-9 Str+4}
 58995 | Vaults:4 | Lost mutation: You are partially covered in iridescent
                  | scales. (AC +2) [potion of mutation]
 58995 | Vaults:4 | Lost mutation: Your mind is acute. (Int +4, Str/Dex -1)
                  | [potion of mutation]
 58995 | Vaults:4 | Lost mutation: Your tail ends in a venomous barb. [potion
                  | of mutation]
 58995 | Vaults:4 | Lost mutation: Your flesh is cold resistant. (rC+) [potion
                  | of mutation]
 58995 | Vaults:4 | Gained mutation: You are resistant to electric shocks.
                  | (rElec) [potion of mutation]
 58996 | Vaults:4 | Lost mutation: Your muscles are strong. (Str +4, Int/Dex
                  | -1) [potion of mutation]
 58996 | Vaults:4 | Lost mutation: You are resistant to electric shocks.
                  | (rElec) [potion of mutation]
 58996 | Vaults:4 | Lost mutation: You do not regenerate when monsters are
                  | visible. [potion of mutation]
 58996 | Vaults:4 | Lost mutation: You are agile. (Dex +4, Str/Int -1) [potion
                  | of mutation]
 58996 | Vaults:4 | Lost mutation: You are frail. (-10% HP) [potion of
                  | mutation]
 58996 | Vaults:4 | Gained mutation: Your muscles are strong. (Str +4, Int/Dex
                  | -1) [potion of mutation]
 58996 | Vaults:4 | Gained mutation: You have large cloven feet. [potion of
                  | mutation]
 59061 | Vaults:5 | Entered Level 5 of the Vaults
 59081 | Vaults:5 | Reached skill level 25 in Armour
 59090 | Vaults:5 | Reached skill level 22 in Axes
 59098 | Vaults:5 | Received a gift from Okawaru
 59317 | Vaults:5 | Reached XP level 23. HP: 163/220 MP: 32/32
 59940 | Vaults:5 | Noticed a dread lich
 59953 | Vaults:5 | HP: 52/221 [???[a deep elf demonologist] (26)]
 59955 | Vaults:5 | HP: 7/221 [phantasmal warrior (21)]
 59956 | Vaults:5 | HP: 3/221 [phantasmal warrior (1)]
 59957 | Vaults:5 | Succumbed to a tengu reaver's bolt of poison

Illustrated notes

Levels and vault maps discovered:
D:1:      dpeg_arrival_concentric_ovals, layout_basic, moated_statue
D:2:      layout_loops_ring, basic_altar, minivault_24, reono_crystal_passage,
          uniq_natasha
D:3:      layout_basic, basic_ecumenical_altar,
          nicolae_concentric_dashed_squares_wild, chequers_jeans, uniq_grinder
D:4:      layout_basic, lemuel_doored_altar, grunt_temple_overflow_open,
          ebering_ghost_sewer_f
D:5:      layout_loops_cross, minmay_temple_entry_antechambers, serial_shops,
          shop, nicolae_stop_n_shop_1
D:6:      layout_loops_ring, chequers_serial_rivers_room_a,
          kennysheep_generic_room_8, uniq_pikel
D:7:      layout_basic, uniq_crazy_yiuf_cottage
D:8:      layout_loops_ring, grunt_gozag_statues,
          grunt_lair_entry_orc_guard_hut, gammafunk_ghost_cemetery, uniq_amaemon
D:9:      layout_basic, mainiacjoe_overflow_paths, mainiacjoe_overflow_alcove_1,
          minmay_orc_entry_guard_dogs, kennysheep_generic_room_2
D:10:     layout_long_grid, minmay_stone_trees_small, serial_bayou_pond_d,
          minmay_misc_feat_hallway, serial_bayou_crossing, uniq_erolcha,
          uniq_nergalle
D:11:     layout_gridville, st_stairs_14
D:12:     layout_rooms, serial_bayou, serial_bayou_ford_a,
          serial_bayou_lagoon_a, serial_bayou_pond_e, serial_bayou_lake_a
D:13:     layout_cave_pods
D:14:     layout_irregular_city, david_vaults_5, serial_bayou_pond_c,
          serial_undead, serial_undead_c, serial_undead_f, serial_undead_a,
          serial_undead_f, serial_undead_c, serial_undead_f
D:15:     grunt_enter_depths_snipers, layout_stronghold,
          hangedman_abyss_or_decor_jellyfish_corner,
          portal_ice_cave_entry_dragon, gammafunk_ghost_hive, uniq_kirke
Temple:   nicolae_temple_bog_church
Lair:1:   layout_regular_city, nicolae_lair_lil_pond, lemuel_fruit_tree,
          grunt_megastairs_1, serial_bayou_shore_b, serial_bayou_shore_b,
          serial_bayou_shore_b
Lair:2:   layout_long_grid, elwin_shoals_entry_rocks, pond, grunt_megastairs_3,
          serial_bayou_shore_a
Lair:3:   layout_roguey, minmay_snake_entry_guardpost_small,
          infiniplex_staircase_pool_2, uniq_rupert
Lair:4:   statuecave_lemuel, layout_regular_city, dpeg_slime_entry_enclosed,
          gammafunk_ghost_cemetery, grunt_megastairs_4,
          infiniplex_staircase_pool, uniq_sonja
Lair:5:   minmay_lair_end_enchanted_forest, layout_cave_shapes,
          nicolae_volcano_entry_hallway, grunt_megastairs_5
Shoals:1: layout_shoals, st_shoals_ruin
Shoals:2: layout_shoals, uniq_polyphemus
Shoals:3: layout_shoals, nicolae_shoals_wave_tunnel, uniq_ilsuiw
Shoals:4: shoals_end_hangedman, layout_shoals, serial_shops, shop,
          nicolae_shoals_beach_cooler, uniq_louise
Snake:1:  layout_grid_maze, basic_altar, nicolae_shop_firing_range
Snake:2:  layout_layer_cave, hangedman_corner_corridor, nicolae_triple_integral,
          uniq_aizul
Snake:3:  layout_layer_cave, serial_bayou_shore_b
Snake:4:  minmay_snake_end_coiled, layout_misc_corridors, uniq_vashnia
Orc:1:    layout_caves, gammafunk_ghost_smash, nicolae_orc_flooded_monolith
Orc:2:    grunt_orc_cross, layout_caves
Vaults:1: infiniplex_enter_wizlab_water, vaults_dpeg_ring, v_misc_28, v_rooms_3,
          dpeg_vaults_hating_casters, nicolae_vaults_asterisk,
          ontoclasm_vaults_spin, hangedman_vaults_corner_blocks,
          hangedman_vaults_slice, vaults_standard_mumra_enter_the_diamond,
          layout_vaults_omnigrid, uniq_donald
Vaults:2: v_rooms_4, ontoclasm_vaults_pinch, minmay_crypt_entry_simple_round,
          nicolae_vaults_stairing_the_circle, v_rooms_4,
          nicolae_vaults_little_squares_3, vaults_mumra_minichess_inversion,
          layout_vaults_big_room, uniq_margery
Vaults:3: v_misc_28, hangedman_vaults_hard_town_square,
          nicolae_vaults_what_the_h, nicolae_vaults_three_branches,
          nicolae_vaults_windows_and_doors_thing, vaults_dpeg_doors, v_misc_22,
          vaults_room_pool, v_misc_19, nicolae_vaults_rhombus_6,
          layout_vaults_omnibox, uniq_mara, uniq_boris
Vaults:4: nicolae_vaults_little_ls, v_rooms_5, nicolae_vaults_alarming,
          kennysheep_vaults_gozag_temple, hangedman_vaults_cutoff,
          nicolae_vaults_asterisk, v_misc_23, nicolae_vaults_twisting_passages,
          hangedman_vaults_corner_blocks, hangedman_vaults_nails, v_misc_8,
          nicolae_vaults_little_squares_1, grunt_vaults_focal,
          layout_vaults_ring
Vaults:5
Depths:1: layout_honeycomb, grunt_hell_entry_dis_mu, rand_demon_pan_entry_9,
          roderic_serpentine_path, serial_shops, bzr_entry_islet,
          kennysheep_underground_church
Depths:2: evilmike_wizard_prison, layout_gridville, grunt_pan_entry_in_and_out,
          abyss_entry_crystal, hell_entry, serial_bayou_pond_c, serial_shops,
          nicolae_lakefront_shop, minmay_shoptagon, serial_bayou_shore_b,
          serial_bayou_shore_b
Depths:3: constructs_gauntlet_mu_hangedman, layout_long_grid, enter_ziggurat_c,
          pan_entry, special_room [special_room_mythical_zoo], hell_entry,
          minmay_room_of_horrors, serial_shops, bzr_entry_water, shop,
          nicolae_stop_n_shop_1, shop, minmay_misc_feat_pillars,
          minmay_staircase_windowed_small
Depths:4: grunt_zot_entry_funnels, layout_basic, minmay_crystal_water,
          hell_entry, uniq_mennas

Skill      XL: |  1  2  3  4  5  6  7  8  9 10 11 12 13 14 15 16 17 18 19 20 21 22 |
---------------+-------------------------------------------------------------------+-----
Axes           | 2 3 4 5 6 7 9 10 12 13 14 15 16 17 18 19 20 21 22 | 22.2
Armour         | 4 5 6 7 8 9 11 12 13 14 16 18 19 20 21 22 23 25 | 25.4
Fighting       | 3 4 5 6 7 8 9 10 11 12 13 14 15 16 17 | 17.7
Shields        | 4 5 6 7 9 10 11 12 13 14 15 16 17 18 19 20 | 20.6
Invocations    | 3 5 7 9 10 11 12 | 12.0

Action                     |  1- 3 |  4- 6 |  7- 9 | 10-12 | 13-15 | 16-18 | 19-21 | 22-24 || total
---------------------------+-------+-------+-------+-------+-------+-------+-------+-------++-------
  Melee: War axe           |    93 |   146 |   213 |   655 |  1132 |  1381 |  1486 |   568 ||  5674
         Tailslap          |     5 |    16 |    31 |    98 |   214 |   302 |   349 |   118 ||  1133
         Headbutt          |       |       |       |       |   245 |       |       |       ||   245
         Kick              |       |       |       |       |       |       |       |    51 ||    51
 Invoke: Heroism           |       |       |       |    18 |    28 |    18 |    18 |     9 ||    91
         Finesse           |       |       |       |       |     2 |     2 |     5 |       ||     9
         Duel              |       |       |       |       |       |     1 |       |       ||     1
  Evoke: Wand              |       |       |     7 |     4 |     5 |     3 |     1 |       ||    20
    Use: Potion            |       |     2 |       |     7 |     9 |     3 |     2 |     6 ||    29
         Scroll            |       |       |    11 |    18 |    14 |     5 |     7 |     7 ||    62
   Stab: Invisible         |       |       |       |     5 |       |       |       |       ||     5
         Petrifying        |       |       |       |       |       |       |     2 |       ||     2
         Petrified         |       |       |       |       |       |       |     2 |       ||     2
 Armour: Scale mail        |    39 |    58 |    65 |   196 |   154 |       |       |       ||   512
         Plate armour      |       |       |       |       |   563 |   695 |   716 |   334 ||  2308
  Dodge: Dodged            |    20 |    96 |   109 |   294 |   373 |   239 |   222 |   118 ||  1471
  Block: Buckler           |    31 |    78 |   120 |   288 |   282 |       |       |       ||   799
         Reflection        |       |     1 |     2 |     2 |       |       |       |       ||     5
         Kite shield       |       |       |       |       |   131 |   862 |   875 |   433 ||  2301

Table legend: (Time is in decaauts)
 A = Elapsed time spent in this place.
 B = Non-inter-level travel time spent in this place.
 C = Inter-level travel time spent in this place.
 D = Time resting spent in this place.
 E = Time spent auto-exploring this place.
 F = Levels seen in this place.
 G = Mean time per level.
                   A        B        C        D        E       F      G
               +--------+--------+--------+--------+--------+-----+--------+
         Total |  58976 |  54391 |   4585 |   9451 |  35162 |  48 | 1228.7 |
       Dungeon |  17754 |  15356 |   2398 |   1398 |  11363 |  15 | 1183.6 |
        Temple |    632 |    632 |      0 |    568 |      3 |   1 |  632.0 |
          Lair |   7639 |   7234 |    405 |   2207 |   3870 |   5 | 1527.8 |
        Shoals |   4170 |   3971 |    199 |    628 |   2509 |   4 | 1042.5 |
     Snake Pit |   6519 |   6193 |    326 |   1298 |   3948 |   4 | 1629.8 |
  Orcish Mines |   2162 |   1892 |    270 |    396 |   1107 |   2 | 1081.0 |
        Vaults |   8875 |   8471 |    404 |   1582 |   5612 |   5 | 1775.0 |
        Depths |   7437 |   6857 |    580 |    983 |   4525 |   4 | 1859.2 |
         Abyss |    922 |    922 |      0 |     19 |    535 |   2 |  461.0 |
        Bazaar |    318 |    318 |      0 |      0 |    196 |   2 |  159.0 |
      Ice Cave |    330 |    330 |      0 |    191 |     63 |   1 |  330.0 |
       Volcano |    718 |    718 |      0 |     26 |    474 |   1 |  718.0 |
        Wizlab |   1467 |   1467 |      0 |    140 |    957 |   1 | 1467.0 |
         Arena |     28 |     28 |      0 |     13 |      0 |   1 |   28.0 |
               +--------+--------+--------+--------+--------+-----+--------+

Top non-repeatable levels by time:
 Snake:4: 2651 daAuts
Vaults:4: 2383 daAuts
  Lair:4: 2367 daAuts
Depths:4: 2264 daAuts
Vaults:2: 2190 daAuts
Vaults:1: 2070 daAuts
     D:8: 2002 daAuts
     D:9: 1971 daAuts
Depths:3: 1925 daAuts
Depths:2: 1903 daAuts
Vaults:3: 1679 daAuts
 Snake:2: 1655 daAuts
     D:7: 1617 daAuts
Shoals:4: 1605 daAuts
   Orc:2: 1591 daAuts

Table legend:
 A = Kills in this place as a percentage of kills in entire the game.
 B = Kills by you in this place as a percentage of kills by you in the entire game.
 C = Kills by friends in this place as a percentage of kills by friends in the entire game.
 D = Other kills in this place as a percentage of other kills in the entire game.
 E = Experience gained in this place as a percentage of experience gained in the entire game.
 F = Experience gained in this place divided by the number of levels of this place that you have seen.
                   A       B       C       D       E      F
               +-------+-------+-------+-------+-------+----------------------
         Total | 100.0 | 100.0 |   N/A | 100.0 | 100.0 | 17979.0
       Dungeon |  21.0 |  21.1 |   N/A |   0.0 |   8.9 | 5113.3
        Temple |   0.2 |   0.2 |   N/A |   0.0 |   0.0 | 189.0
          Lair |  10.3 |  10.3 |   N/A |   0.0 |   5.8 | 9928.0
        Shoals |  10.9 |  10.8 |   N/A |  50.0 |  10.7 | 23125.2
     Snake Pit |   9.6 |   9.6 |   N/A |   0.0 |   9.6 | 20683.8
  Orcish Mines |   4.4 |   4.4 |   N/A |   0.0 |   1.6 | 6776.0
        Vaults |  20.4 |  20.4 |   N/A |  25.0 |  29.8 | 51353.0
        Depths |  15.4 |  15.4 |   N/A |  25.0 |  25.3 | 54599.5
         Abyss |   2.1 |   2.1 |   N/A |   0.0 |   1.2 | 5029.0
      Ice Cave |   0.8 |   0.8 |   N/A |   0.0 |   0.6 | 4959.0
       Volcano |   1.2 |   1.2 |   N/A |   0.0 |   0.7 | 5930.0
        Wizlab |   3.5 |   3.5 |   N/A |   0.0 |   5.6 | 48691.0
         Arena |   0.1 |   0.1 |   N/A |   0.0 |   0.3 | 2873.0
               +-------+-------+-------+-------+-------+----------------------
